 Dungeon Crawl Stone Soup version 0.25.1-2-g60ff931df9 (webtiles) character file.

Game seed: 3790216558726787628

128 lepoulpe303 the Magician (level 4, -2/21 HPs)
             Began as a Spriggan Venom Mage on Aug 6, 2020.
             Slain by an orc
             ... wielding a +0 hand axe
              (5 damage)
             ... on level 3 of the Dungeon.
             The game lasted 00:13:40 (4584 turns).

lepoulpe303 the Magician (Spriggan Venom Mage)      Turns: 4584, Time: 00:13:41

Health: -2/21      AC:  2    Str:  4    XL:     4   Next: 86%
Magic:  7/10       EV: 19    Int: 17    God:
Gold:   85         SH:  0    Dex: 16    Spells: 1/10 levels left

rFire    . . .     SeeInvis +   b - +0 short sword
rCold    . . .     Gourm    .   (shield restricted)
rNeg     . . .     Faith    .   d - +0 robe
rPois    .         Spirit   .   (helmet restricted)
rElec    .         Reflect  .   v - scarf {+Inv}
rCorr    .         Harm     .   (gloves unavailable)
MR       .....                  (boots unavailable)
Stlth    +++.......             (no amulet)
HPRegen  0.07/turn              (no ring)
MPRegen  0.12/turn              (no ring)

@: very quick
A: very small, unfitting armour, see invisible, herbivore, speed 3, slow
metabolism 2
a: Evoke Invisibility


You were on level 3 of the Dungeon.
You were not hungry.

You visited 1 branch of the dungeon, and saw 4 of its levels.

You collected 85 gold pieces.

Inventory:

Hand Weapons
 a - a +0 dagger
 b - a +0 short sword (weapon)
Missiles
 f - 7 boomerangs
 m - 40 poisoned darts (quivered)
Armour
 d - a +0 robe (worn)
 v - a scarf of invisibility (worn)
Jewellery
 g - a cursed -4 ring of protection {unknown}
 s - a +4 ring of evasion {unknown}
 w - an uncursed ring of resist corrosion {unknown}
Scrolls
 i - 4 scrolls of identify
 j - a scroll of teleportation {unknown}
 l - 2 scrolls of fog {unknown}
 n - 2 scrolls of remove curse {unknown}
 o - 2 scrolls of blinking {unknown}
Potions
 c - 2 potions of resistance {unknown}
 h - a potion of haste {unknown}
 k - a potion of might {unknown}
 p - a potion of heal wounds {unknown}
 q - a potion of invisibility {unknown}
 r - a potion of curing {unknown}
 t - a potion of brilliance {unknown}
 u - 2 potions of berserk rage {unknown}
Comestibles
 e - 5 rations


   Skills:
 + Level 0.3 Fighting
 * Level 1.1 Short Blades
 + Level 3.6 Dodging
 + Level 3.8 Stealth
 * Level 3.9 Spellcasting
 + Level 2.6 Transmutations
 * Level 3.8 Poison Magic
 + Level 0.4 Evocations


You had one spell level left.
You knew the following spells:

 Your Spells              Type           Power        Failure   Level  Hunger
a - Sting                 Tmut/Pois      ##..         4%          1    None
b - Poisonous Vapours     Pois/Air       #.....       11%         2    ##.....
c - Ignite Poison         Fire/Tmut/Pois ##......     21%         3    ###....
x - Mephitic Cloud        Conj/Pois/Air  #.......     28%         3    ###....

Your spell library contained the following spells:

 Spells                   Type           Power        Failure   Level  Hunger
 Olgreb's Toxic Radiance  Pois           ###.....     32%         4    ####...


Dungeon Overview and Level Annotations

Branches:
Dungeon (4/15)
 Temple: D:4-7

Altars:
Cheibriados
Gozag
Makhleb
Sif Muna
Wu Jian
Xom
Zin


Innate Abilities, Weirdness & Mutations

You are very small and have problems with some larger weapons.
You are too small for most types of armour.
You have supernaturally acute eyesight. (SInv)
You are a herbivore.
You cover ground extremely quickly.
You need to consume almost no food.


Message History

There is a stone staircase leading down here.
You take 12 damage, and have 9/21 hp.
MASSIVE DAMAGE!!
Aim: a worker ant (lightly wounded, poisoned)
The sting hits the worker ant.
The worker ant looks even sicker.
The worker ant bites you!
* * * LOW HITPOINT WARNING * * *
The orc misses you.
You take 6 damage, and have 3/21 hp.
MASSIVE DAMAGE!!
You now have 7/10 mp.
Aim: an orc, wielding a +0 hand axe The sting hits the orc.
The orc is poisoned.
The worker ant barely misses you. The orc closely misses you.
You now have 6/10 mp.
You closely miss the worker ant.
You kill the worker ant!
Your Short Blades skill increases to level 1!
The orc hits you with a +0 hand axe.
You die...

#.#...##.#
####...## ####
#.#.####.#
#.......# #
#.#.####.#
#.....>.# #
###..^.....#
#.......########
#.......####
#.....[.........
#.###.#.#
#.......########
#.# #.#.#
#..###..# #.#
#.#.######.##
##.# #.#
#.......@o.# #.#
#.#
###.######.##
##.# #.# #.#
##.###.##
#.#####.#
##...##
#.......# #####
#########


You could see an orc (poisoned).

Levels and vault maps discovered:
D:1:      dpeg_arrival_simpleton_c, layout_loops_ring
D:2:      layout_rooms, lemuel_crystal_altar, grunt_gozag_statues,
          serial_forest, infiniplex_forest_straight_2,
          infiniplex_forest_clump_small, infiniplex_forest_clump_small,
          infiniplex_forest_lined_ring, infiniplex_forest_3_way,
          infiniplex_forest_end_3
D:3:      layout_loops_corners, lemuel_crystal_altar, doesnt_xom_only_xom,
          kennysheep_another_room
D:4:      layout_layer_cave, kennysheep_little_box,
          minmay_temple_entry_sparse_star, first_ration,
          cheibrodos_sewer_entry_bend

Notes
Turn   | Place    | Note
-------+----------+-------------------------------------------
     0 | D:1      | lepoulpe303 the Spriggan Venom Mage began the quest for the
                  | Orb.
     0 | D:1      | Reached XP level 1. HP: 9/9 MP: 5/5
     0 | D:1      | lepoulpe303: !lairratio
     0 | D:1      | meem: lepoulpe303 has reached Lair in 234 of 1885 attempts:
                  | 12%
    91 | D:1      | Identified a +0 dagger
   106 | D:1      | Identified a +0 short sword
   170 | D:1      | Reached skill level 3 in Spellcasting
   259 | D:1      | Reached XP level 2. HP: 12/13 MP: 7/7
   263 | D:1      | Learned a level 2 spell: Poisonous Vapours
  1158 | D:2      | Identified a +0 dagger
  1222 | D:2      | Identified a cursed +0 club
  1240 | D:2      | Reached skill level 2 in Transmutations
  1263 | D:2      | Identified a +0 club
  1265 | D:2      | Reached XP level 3. HP: 16/16 MP: 6/8
  1270 | D:2      | Learned a level 3 spell: Ignite Poison
  1437 | D:2      | lepoulpe303: !winiflair
  1437 | D:2      | lepoulpe303: !woniflair
  1437 | D:2      | meem: lepoulpe303 has won after reaching lair 4 out of 234
                  | times: 2%
  1477 | D:2      | Identified a +0 dagger
  1499 | D:2      | Identified a +0 club
  1750 | D:2      | Identified a +0 club
  1844 | D:2      | Found an opulent altar of Gozag.
  1881 | D:2      | lepoulpe303: !lairratio
  1881 | D:2      | meem: lepoulpe303 has reached Lair in 234 of 1885 attempts:
                  | 12%
  1881 | D:2      | lepoulpe303: !whichgod spvm
  1881 | D:2      | meem: 51 recent wins for spvm: 37x Ashenzari, 7x Gozag, 2x
                  | Dithmenos, 2x Vehumet, Sif Muna, Fedhas, Okawaru
  2081 | D:2      | Learned a level 3 spell: Mephitic Cloud
  2112 | D:2      | Identified a +0 dagger
  2201 | D:2      | Found a burning altar of Makhleb.
  3327 | D:3      | Identified a +0 dagger
  3388 | D:3      | Found a radiant altar of Vehumet.
  3388 | D:3      | Identified a +0 war axe
  3389 | D:3      | Identified a +0 dagger
  3390 | D:3      | Found a shimmering blue altar of Sif Muna.
  3390 | D:3      | Found a snail-covered altar of Cheibriados.
  3410 | D:3      | Reached XP level 4. HP: 20/21 MP: 7/10
  3425 | D:3      | Found a glowing silver altar of Zin.
  3425 | D:3      | Found a shattered altar of Ashenzari.
  3425 | D:3      | Found a shimmering altar of Xom.
  3626 | D:3      | Identified a +0 club
  3659 | D:3      | Found an ornate altar of the Wu Jian Council.
  3663 | D:3      | Identified a +0 club
  3761 | D:3      | Identified a +0 flail
  3761 | D:3      | Identified a +0 chain mail
  3829 | D:3      | Identified a +0 dagger
  3829 | D:3      | Identified a +0 mace
  3829 | D:3      | Identified a +0 ring mail
  3829 | D:3      | Identified a +0 whip
  3829 | D:3      | Identified a +0 leather armour
  3862 | D:3      | Identified a scarf of invisibility (You found it on level 3
                  | of the Dungeon)
  3932 | D:3      | Identified a +0 ring mail
  3935 | D:3      | Identified a +0 club
  3992 | D:3      | Identified 5 scrolls of identify
  3992 | D:3      | Identified an amulet of inaccuracy (You found it on level 1
                  | of the Dungeon)
  4575 | D:4      | Identified a +0 leather armour
  4575 | D:4      | Identified a +0 whip
  4575 | D:4      | Identified a +0 club
  4575 | D:4      | Identified a +0 hand axe
  4577 | D:4      | Identified a +0 short sword
  4577 | D:4      | Identified a +0 chain mail
  4582 | D:3      | HP: 3/21 [worker ant (7)]
  4584 | D:3      | Reached skill level 1 in Short Blades
  4584 | D:3      | Slain by an orc

Table legend:
 A = Turns spent in this place as a percentage of turns spent in the entire game.
 B = Non-inter-level travel turns spent in this place as a percentage of non-inter-level travel turns spent in the entire game.
 C = Inter-level travel turns spent in this place as a percentage of turns spent in this place.
 D = Turns resting spent in this place as a percentage of non-inter-level travel turns spent in this place.
 E = Turns spent auto-exploring this place as a percentage of non-inter-level travel turns spent in this place.
 F = Non-inter-level travel turns spent in this place divided by the number of levels of this place that you've seen.
                   A       B       C       D       E      F
               +-------+-------+-------+-------+-------+----------------------
         Total | 100.0 | 100.0 |   8.8 |  26.5 |  40.4 | 1045.2
       Dungeon | 100.0 | 100.0 |   8.8 |  26.5 |  40.4 | 1045.2
               +-------+-------+-------+-------+-------+----------------------

Table legend:
 A = Kills in this place as a percentage of kills in entire the game.
 B = Kills by you in this place as a percentage of kills by you in the entire game.
 C = Kills by friends in this place as a percentage of kills by friends in the entire game.
 D = Other kills in this place as a percentage of other kills in the entire game.
 E = Experience gained in this place as a percentage of experience gained in the entire game.
 F = Experience gained in this place divided by the number of levels of this place that you have seen.
                   A       B       C       D       E      F
               +-------+-------+-------+-------+-------+----------------------
         Total | 100.0 | 100.0 |   N/A |   N/A | 100.0 |  45.8
       Dungeon | 100.0 | 100.0 |   N/A |   N/A | 100.0 |  45.8
               +-------+-------+-------+-------+-------+----------------------

Skill      XL: |  1  2  3  4 |
---------------+-------------+-----
Spellcasting   | 3 |  3.9
Transmutations | 2 |  2.6
Short Blades   | 1 |  1.1
Fighting       | |  0.3
Dodging        | |  3.6
Stealth        | |  3.8
Poison Magic   | |  3.8
Evocations     | |  0.4

Action                   |  1- 3 |  4- 6 || total
-------------------------+-------+-------++-------
Melee: Dagger            |   339 |       ||   339
       Unarmed           |     2 |       ||     2
       Short sword       |   434 |    73 ||   507
Throw: Dart              |    13 |     5 ||    18
 Cast: Sting             |    38 |    12 ||    50
  Use: Scroll            |       |     1 ||     1
 Stab: Sleeping          |     9 |     3 ||    12
  Eat: Ration            |     1 |     1 ||     2
Armor: Robe              |     7 |     8 ||    15
Dodge: Dodged            |   100 |    67 ||   167

Vanquished Creatures
  A worker ant (D:3)
  2 adders
  An ooze (D:3)
  2 worms
  2 dart slugs (D:2)
  2 leopard geckos (D:1)
  7 orcs (D:3)
  8 bats
  2 giant cockroaches
  8 hobgoblins
  9 kobolds
  2 quokkas (D:2)
  A ball python (D:1)
  4 frilled lizards
  9 goblins
  4 rats
  A bush (D:2)
65 creatures vanquished.
